AoeStats
← _LX_

Nomad

509139291Analyzed
4v4 RM · 6d ago on Sep 25, 2026· 44m 17s· 8 players
Game mode
Random Map
Map size
231×231
Population
200
Speed
Normal
Resources
Standard
Victory
Conquest
Starting age
Dark Age
Ending age
Imperial Age
RankedLock teamsTeams togetherTeam positionsShared explorationLock speedFull tech treeHidden civsTurbo modeCheats
Victory
Defeat
🇨🇳 Danes · China
1502
+11
🇨🇳 Byzantines · China
1440
+14
🇨🇳 Varangians · China
1419
+15
🇨🇳 Dravidians · China
1414
+15
🇨🇦 Spanish · Canada
1431
-15
🇭🇰 Varangians · Hong Kong SAR China
1428
-16
🇮🇳 Danes · India
1409
-14
🇮🇳 Japanese · India
1292
-10
Im2Good4YoMoma
5:59 Loom
14:06 Feudal Age
19:45 Castle Age
20:41 Fletching
22:55 Padded Archer Armor
30:32 Horse Collar
30:45 Gold Mining
33:02 Bodkin Arrow
37:09 Imperial Age
36:30 Leather Archer Armor
36:23 Double-Bit Axe
40:21 Elite Conquistador
41:41 Ring Archer Armor
jAi
4:12 Loom
13:20 Feudal Age
13:50 Double-Bit Axe
19:47 Castle Age
18:51 Wheelbarrow
18:21 Fishing Lines
19:07 Stone Mining
19:07 Gold Mining
20:45 Medium Warships
21:26 Bow Saw
23:19 Horse Collar
24:21 Town Watch
29:22 Careening
30:18 Scale Mail Armor
30:28 Forging
32:28 Chain Mail Armor
33:17 Iron Casting
34:06 Squires
33:51 Arson
34:30 Heavy Plow
38:03 Imperial Age
37:01 Fletching
38:20 Bodkin Arrow
38:26 Padded Archer Armor
38:11 Cranequins
39:23 Thumb Ring
40:19 Ballistics
DrVen13
5:33 Loom
12:48 Feudal Age
13:59 Double-Bit Axe
20:08 Castle Age
18:17 Fletching
21:12 Bodkin Arrow
26:17 Bow Saw
32:40 Crossbowman
33:56 Horse Collar
hugo0379
5:13 Loom
12:56 Feudal Age
16:29 Castle Age
14:52 Double-Bit Axe
16:44 Horse Collar
26:18 Wheelbarrow
26:15 Forging
28:06 Bow Saw
31:22 Scale Barding Armor
33:53 Iron Casting
33:48 Husbandry
35:02 Bloodlines
40:38 Imperial Age
39:17 Chain Barding Armor
41:00 Fletching
41:56 Hand Cart
43:01 Gold Mining
44:02 Elite Jarl
_LX_
8:37 Loom
12:56 Feudal Age
18:28 Castle Age
16:38 Fishing Lines
18:40 Double-Bit Axe
23:00 Fletching
26:35 Wheelbarrow
27:34 Bodkin Arrow
32:38 Town Watch
37:06 Horse Collar
40:36 Ballistics
43:38 Imperial Age
41:38 Padded Archer Armor
42:13 Bow Saw
44:01 Thumb Ring
44:47 Conscription
44:38 Gold Mining
抹茶gap人
10:47 Loom
13:48 Feudal Age
14:36 Double-Bit Axe
17:33 Castle Age
15:48 Horse Collar
15:51 Fishing Lines
19:07 Medium Warships
19:45 Bow Saw
21:59 Siphons
22:57 Clinker Construction
25:03 Wheelbarrow
25:44 Stone Mining
25:47 Gold Mining
29:04 Heavy Plow
31:11 Gillnets
35:11 Imperial Age
32:49 Stone Mining
33:37 Gold Shaft Mining
34:59 Stone Shaft Mining
34:37 Scale Barding Armor
34:40 Husbandry
35:08 Light Cavalry
36:11 Chain Barding Armor
36:02 Forging
38:41 Plate Barding Armor
38:42 Iron Casting
37:32 Heavy Camel Rider
38:56 Coinage
40:46 Elite Cataphract
41:43 Elite Varangian Guard
42:34 Scale Mail Armor
42:58 Squires
43:17 Arson
43:49 Chain Mail Armor
44:09 Conscription
45:05 Plate Mail Armor
小鸡
5:12 Loom
15:33 Feudal Age
16:17 Fishing Lines
19:10 Castle Age
23:20 Wheelbarrow
22:31 Town Watch
22:40 Double-Bit Axe
23:56 Fletching
24:49 Bodkin Arrow
29:09 Bloodlines
34:45 Hand Cart
35:08 Husbandry
36:12 Scale Barding Armor
36:18 Forging
37:53 Bow Saw
42:12 Imperial Age
40:30 Chain Barding Armor
40:46 Iron Casting
40:09 Gillnets
43:25 Iron Casting
43:33 Elite Jarl
seabed
4:46 Loom
10:44 Loom
13:17 Feudal Age
14:02 Loom
16:53 Castle Age
16:38 Fishing Lines
16:59 Double-Bit Axe
18:51 Scale Mail Armor
33:37 Squires
37:16 Wheelbarrow
37:00 Fletching
41:18 Imperial Age
38:54 Bodkin Arrow
39:19 Gold Mining
39:52 Thumb Ring
40:25 Padded Archer Armor
42:05 Ballistics
41:59 Bloodlines
41:49 Husbandry
41:31 Cranequins
42:46 Bracer
43:12 Heavy Mounted Crossbowman
44:59 Leather Archer Armor
Connection lost

Rejoining the realm…

Still unreachable

The connection could not be restored.

Session expired

The server has moved on; the page needs a fresh start.